Map: Подводный мир РВ

Players

Doll - Winner!

  • Race: Protoss Protoss
  • Spawn Location: 11:00

ИИ 1 (новичок)

  • Race: Zerg Zerg
  • Spawn Location: 5:00

VOD

Have the link to the VOD?

Description

Time

  • Played on: July 15, 2020, 1:13 p.m.
  • Length: 4:15
Show
View Real Time Build Order
Export as new Build Order

Doll Protoss - Winner!

Build Orders:  

Get SALT Encoding   

  12  0:01  Probe  
  13  0:13  Probe  
  14  0:19  Pylon  
  14  0:25  Probe  
  15  0:38  Gateway  
  15  0:43  Probe  
  16  0:53  Probe  
  16  0:58  Gateway  
  16  1:01  Assimilator  
  16  1:02  Probe  
  17  1:08  Pylon  
  18  1:14  Probe  
  19  1:25  Zealot  
  21  1:35  Gateway  
  21  1:39  Zealot  
  21  1:45  Cybernetics Core  
  21  1:52  Zealot  
  25  2:08  Zealot  
  27  2:16  Pylon  
  27  2:20  Zealot  
  29  2:23  Zealot  
  29  2:25  Warp Gate  
  29  2:28  Zealot  
  33  2:48  Zealot  
  33  2:50  Pylon, Zealot  
  37  3:02  Probe  
  38  3:09  Assimilator  
  38  3:13  Stalker  
  38  3:14  Probe  
  38  3:17  Sentry  
  38  3:19  Adept  
  45  3:27  Probe  
  46  3:50  Nexus  
  46  4:06  Pylon  
  46  4:09  Twilight Council  
Show
View Real Time Build Order
Export as new Build Order

ИИ 1 (новичок) Zerg 

Build Orders: Pool Only 

Get SALT Encoding   

  12  0:01  Drone  
  13  0:12  Overlord  
  13  0:16  Drone  
  14  0:36  Spawning Pool  
  14  0:37  Extractor  
  14  0:39  Drone  
  13  0:46  Drone  
  14  0:51  Overlord  
  14  1:23  Zergling x2  
  14  1:25  Queen  
  15  1:29  Roach Warren  
  15  1:31  Extractor  
  15  1:35  Drone  
  16  1:42  Drone  
  17  1:52  Zergling x2  
  18  2:01  Drone  
  19  2:08  Drone  
  20  2:18  Drone  
  20  2:21  Zergling x2  
  22  2:28  Overlord  
  22  2:31  Drone  
  23  2:39  Drone  
  24  2:46  Drone  
  24  2:51  Roach  
  27  3:33  Zergling x2  
  25  3:46  Drone  
  23  3:54  Drone  
  17  4:01  Drone  
Tags
 
Add a new tag
Caveats
  • Supply blocks, unpowered buildings, or Contaminate may cause inaccurate times.
  • Supply counts are checked every 10 seconds.